 Dungeon Crawl Stone Soup version 0.21-a0-39-g28ea6b7 (webtiles) character file.

65 TheGoonsmith the Skirmisher (level 3, -3/30 HPs)
             Began as a Demonspawn Berserker on May 31, 2017.
             Was a Believer of Trog.
             Slain by TheGoonsmith's ghost (4 damage)
             ... on level 3 of the Dungeon.
             The game lasted 00:02:30 (1539 turns).

TheGoonsmith the Skirmisher (Demonspawn Berserker)  Turns: 1539, Time: 00:02:31

Health: -3/30      AC:  6    Str: 18    XL:     3   Next: 94%
Magic:  3/3        EV: 10    Int:  8    God:    Trog [**....]
Gold:   104        SH:  0    Dex: 12    Spells: 2/2 levels left

rFire    . . .     SeeInvis .   a - +0 hand axe
rCold    . . .     Gourm    .   (no shield)
rNeg     . . .     Faith    .   j - +0 scale mail
rPois    .         Spirit   .   (no helmet)
rElec    .         Reflect  .   (no cloak)
rCorr    .         Harm     .   (no gloves)
MR       .....                  (no boots)
Stlth    ..........             (no amulet)
Regen    0.1/turn               (no ring)
MPRegen  0.1/turn               (no ring)

@: berserk cooldown, slowed, very slow
A: spiny 1, rot immunity
a: Berserk, Trog's Hand, Burn Spellbooks, Renounce Religion


You were on level 3 of the Dungeon.
You worshipped Trog.
Trog was pleased with you.
You were hungry.

You visited 1 branch of the dungeon, and saw 3 of its levels.

You collected 104 gold pieces.

Inventory:

Hand Weapons
 a - a +0 hand axe (weapon)
Armour
 b - a +0 animal skin
 i - a +0 plate armour
 j - a +0 scale mail (worn)
Jewellery
 h - an uncursed amulet of faith {unknown}
Scrolls
 e - a scroll of blinking {unknown}
 f - a scroll of identify {unknown}
 p - a scroll of enchant weapon {unknown}
 q - a scroll of magic mapping {unknown}
Potions
 d - a potion of berserk rage {unknown}
 g - 2 potions of haste {unknown}
 l - a potion of flight {unknown}
 m - a potion of curing {unknown}
 n - a potion of brilliance {unknown}
Comestibles
 c - a bread ration
 k - 2 royal jellies
 o - a meat ration


   Skills:
 + Level 3.8 Fighting
 * Level 3.8 Axes
 - Level 1.7 Armour
 - Level 1.7 Dodging


You had 2 spell levels left.
You didn't know any spells.

Dungeon Overview and Level Annotations

Branches:
Dungeon (3/15)

Altars:
Ashenzari

Annotations:
D:3 TheGoonsmith's ghost, amateur DsGl


Innate Abilities, Weirdness & Mutations

You are partially covered in sharp spines.
You are immune to rotting.


Message History

You are too injured to fight recklessly!
You are too injured to fight recklessly!
You are too injured to fight recklessly!
You hit TheGoonsmith's ghost.
TheGoonsmith's ghost is severely damaged.
You are no longer berserk.
You are exhausted.
You feel yourself slow down. TheGoonsmith's ghost hits you!
* * * LOW HITPOINT WARNING * * *
You hit TheGoonsmith's ghost.
TheGoonsmith's ghost is almost destroyed.
TheGoonsmith's ghost barely misses you.
You hit TheGoonsmith's ghost but do no damage.
TheGoonsmith's ghost is almost destroyed.
Your skin stops crawling.
You feel less resistant to hostile enchantments.
TheGoonsmith's ghost hits you.
* * * LOW HITPOINT WARNING * * *
TheGoonsmith's ghost hits you.
You die...

$... .... .....
.._..
......#########
......#........
......†........
#@..#
.......)W..).#
.............#
.............#
.............#
.............#
.####.#.#......
#.#.####...


You could see TheGoonsmith's ghost.

Vanquished Creatures
  An adder (D:2)
  2 oozes (D:1)
  2 worms
  A dart slug (D:2)
  A leopard gecko (D:2)
  2 giant cockroaches
  3 hobgoblins
  4 kobolds (D:1)
  A quokka (D:2)
  6 bats
  4 frilled lizards
  8 goblins
  6 rats
41 creatures vanquished.

Notes
Turn   | Place    | Note
-------+----------+-------------------------------------------
     0 | D:1      | TheGoonsmith the Demonspawn Berserker began the quest for the Orb.
     0 | D:1      | Reached XP level 1. HP: 18/18 MP: 1/1
   146 | D:1      | Gained mutation: You are partially covered in sharp spines. [demonic ancestry]
   146 | D:1      | Reached XP level 2. HP: 15/24 MP: 2/2
   489 | D:1      | Reached ** piety under Trog
   613 | D:1      | Gained mutation: You are immune to rotting. [demonic ancestry]
   613 | D:1      | Reached XP level 3. HP: 29/29 MP: 3/3
   911 | D:2      | Found a faded altar of an unknown god.
  1519 | D:3      | Found a shattered altar of Ashenzari.
  1519 | D:3      | Noticed TheGoonsmith's ghost (amateur DsGl)
  1539 | D:3      | HP: 1/30 [TheGoonsmith's ghost (5)]
  1539 | D:3      | Slain by TheGoonsmith's ghost

Vault maps used:
D:1:      erik_arrival_gehennom, minmay_crystal_room
D:2:      chequers_ecumenical_altar_simple, kennysheep_big_empty_room
D:3:      overflow_temple_1_default, first_bread, uniq_robin

Skill      XL: |  1 |
---------------+----+-----
Axes           | 3 |  3.8
Fighting       | |  3.8
Armour         | |  1.7
Dodging        | |  1.7

Action                   || total
-------------------------++-------
Melee: Hand axe          ||   109
Invok: Berserk           ||     2
       Trog's Hand       ||     1
 Stab: Sleeping          ||     1
  Eat: Chunk             ||     3
Armor: Animal skin       ||     5
       Plate armour      ||     3
       Scale mail        ||    18
Dodge: Dodged            ||    52
